 Dungeon Crawl Stone Soup version 0.31-a0-1591-g515db51633 (webtiles) character file.

Game seed: 1979100506181420098

992 BigPumpCobain the Cudgeller (level 7, -5/63 HPs)
             Began as a Minotaur Fighter on Jan 6, 2024.
             Slain by Prince Ribbit (8 damage)
             ... on level 6 of the Dungeon.
             The game lasted 00:04:13 (3749 turns).

BigPumpCobain the Cudgeller (Minotaur Fighter)      Turns: 3749, Time: 00:04:14

Health: -5/63      AC:  8    Str: 22    XL:     7   Next: 98%
Magic:  6/6        EV:  8    Int:  5    God:
Gold:   198        SH:  6    Dex: 16    Spells: 6/6 levels left

rFire   . . .        a - +0 flail
rCold   . . .        c - +0 buckler
rNeg    . . .        o - +0 chain mail
rPois   .            (helmet restricted)
rElec   .            q - +0 cloak
rCorr   .            (no gloves)
SInv    .            p - +0 pair of boots
Will    .....        (no amulet) Stlth
                     j - +6 ring of dexterity
HPRegen 0.30/turn    (no ring)
MPRegen 0.10/turn

%: no passive effects
@: lethally poisoned (-5 -> -23), corroded, slowed, very slow
A: horns 2, retaliatory headbutt
a: no special abilities


You were on level 6 of the Dungeon.
You visited 2 branches of the dungeon, and saw 7 of its levels.

You collected 198 gold pieces.

Inventory:

Hand Weapons
 a - a +0 flail (weapon)
Armour
 c - a +0 buckler (worn)
 o - a +0 chain mail (worn)
 p - a +0 pair of boots (worn)
 q - a +0 cloak (worn)
Jewellery
 j - a +6 ring of dexterity (left hand)
 u - a ring of protection from fire
Scrolls
 b - 2 scrolls of poison {unknown}
 f - a scroll of fog {unknown}
 g - a scroll of enchant weapon {unknown}
 h - 8 scrolls of identify {unknown}
 i - 2 scrolls of teleportation {unknown}
 m - a scroll of blinking {unknown}
 s - a scroll of torment {unknown}
Potions
 d - 3 potions of might
 e - 4 potions of mutation {unknown}
 k - 3 potions of haste {unknown}
 l - 2 potions of heal wounds {unknown}
 n - 6 potions of curing {unknown}
 r - 2 potions of brilliance {unknown}
 t - a potion of enlightenment {unknown}


   Skills:
 + Level 6.1 Fighting
 * Level 7.4 Maces & Flails
 + Level 6.0 Armour
 + Level 6.1 Shields


You had 6 spell levels left.
You didn't know any spells.
Your spell library contained the following spells:

 Spells                   Type           Power      Damage    Failure   Level
 Apportation              Tloc           0%         N/A       98%         1
 Necrotise                Necr           0%         1d4       98%         1
 Sting                    Conj/Alch      0%         1d3       98%         1
 Summon Small Mammal      Summ           0%         N/A       98%         1
 Cigotuvi's Dreadful Rot  Necr/Alch/Air  0%         N/A       99%         2
 Summon Ice Beast         Ice/Summ       0%         N/A       100%        3
 Dispel Undead            Necr           0%         3d6       100%        4
 Martyr's Knell           Necr/Summ      0%         N/A       100%        4
 Summon Mana Viper        Hex/Summ       0%         N/A       100%        5
 Death Channel            Necr           0%         N/A       100%        6
 Haunt                    Necr/Summ      0%         N/A       100%        7
 Monstrous Menagerie      Summ           0%         N/A       100%        7
 Borgnjor's Revivificati  Necr           0%         N/A       100%        8
 Death's Door             Necr           0%         N/A       100%        9


Dungeon Overview and Level Annotations

Branches:
Dungeon (6/15)             Temple (1/1) D:5

Altars:
Cheibriados
Elyvilon
Fedhas
Gozag
Hepliaklqana
Kikubaaqudgha
Makhleb
Nemelex Xobeh
Okawaru
Ru
Sif Muna
Uskayaw
Vehumet
Wu Jian
Xom
Yredelemnul
The Shining One

Annotations:
D:5 3 runed translucent doors, sigtrap's ghost, novice OnMo
D:6 Prince Ribbit


Innate Abilities, Weirdness & Mutations

You have a pair of horns on your head.
You reflexively headbutt those who attack you in melee.


Message History

You are poisoned.
You have difficulty breathing.
You feel yourself slow down. Prince Ribbit hits you!
* * * LOW HITPOINT WARNING * * *
You are too injured to fight recklessly!
You are too injured to fight recklessly!
You are too injured to fight recklessly!
You are too injured to fight recklessly!
You are too injured to fight recklessly!
You are too injured to fight recklessly!
You are too injured to fight recklessly!
You are too injured to fight recklessly!
You are too injured to fight recklessly!
You are too injured to fight recklessly!
You are too injured to fight recklessly!
You are too injured to fight recklessly!
You are too injured to fight recklessly!
You are too injured to fight recklessly!
You are too injured to fight recklessly!
You are too injured to fight recklessly!
You are too injured to fight recklessly!
You are too injured to fight recklessly!
You are too injured to fight recklessly!
You are too injured to fight recklessly!
You are too injured to fight recklessly!
You are too injured to fight recklessly!
You are too injured to fight recklessly!
You sock Prince Ribbit! Your headbutt misses Prince Ribbit.
Prince Ribbit is heavily wounded.
* * * LOW HITPOINT WARNING * * *
You feel very sick. Prince Ribbit closely misses you.
The kobold brigand throws a curare-tipped dart.
The curare-tipped dart hits you.
You are more poisoned.
You have difficulty breathing.
* * * LOW HITPOINT WARNING * * *
You feel as though you will be slow longer.
Prince Ribbit hits you!
You die...

......... ........##
.........K .........
# .......K< #.#
..[.....# ..
......F.###.#
######@)...#
.........####
.........############
......$........)))..#
.......############.#
....... #.##.#
...?... #....#
....... ####.####
..... #....##


You could see Prince Ribbit, a kobold brigand and a kobold.

Vanquished Creatures
  Sigmund (D:2)
  2 black bears (D:5)
  A phantom (D:5)
  A scorpion (D:5)
  A bombardier beetle (D:5)
  A howler monkey (D:4)
  3 jellies
  An orc priest (D:6)
  2 hounds
  4 iguanas
  7 adders
  3 dart slugs
  3 ribbon worms
  7 orcs
  5 ball pythons
  5 bats (D:2)
  6 endoplasms
  6 giant cockroaches
  2 goblins
  5 hobgoblins
  2 quokkas (D:4)
  A frilled lizard (D:2)
  8 kobolds
  5 rats
82 creatures vanquished.

Notes
Turn   | Place    | Note
-------+----------+-------------------------------------------
     0 | D:1      | BigPumpCobain the Minotaur Fighter began the quest for the
                  | Orb.
     0 | D:1      | Reached XP level 1. HP: 19/19 MP: 0/0
   331 | D:1      | Reached XP level 2. HP: 22/27 MP: 1/1
   685 | D:2      | Reached skill level 3 in Maces & Flails
   696 | D:2      | You fall into a shaft and drop 1 floor!
   800 | D:2      | Noticed Sigmund
   816 | D:2      | Killed Sigmund
   817 | D:2      | Reached skill level 4 in Maces & Flails
   817 | D:2      | Reached XP level 3. HP: 11/34 MP: 2/2
   817 | D:2      | Reached XP level 4. HP: 14/41 MP: 3/3
   817 | D:2      | Reached XP level 5. HP: 16/47 MP: 4/4
  1282 | D:2      | Reached skill level 5 in Maces & Flails
  1781 | D:3      | Found a shimmering altar of Xom.
  1846 | D:3      | Reached XP level 6. HP: 50/55 MP: 5/5
  1876 | D:3      | Reached skill level 5 in Fighting
  2172 | D:4      | Found a glowing golden altar of the Shining One.
  2571 | D:4      | Reached skill level 5 in Shields
  2702 | D:4      | Reached skill level 5 in Armour
  3068 | D:5      | Entered Level 5 of the Dungeon
  3136 | D:5      | Reached skill level 6 in Maces & Flails
  3136 | D:5      | Reached XP level 7. HP: 48/61 MP: 6/6
  3202 | D:5      | Found a runed translucent gate.
  3203 | D:5      | Found a runed translucent gate.
  3205 | D:5      | Found a runed translucent gate.
  3262 | D:5      | Found a staircase to the Ecumenical Temple.
  3273 | Temple   | Entered the Ecumenical Temple
  3303 | D:5      | Noticed sigtrap's ghost (novice OnMo)
  3429 | D:5      | Reached skill level 7 in Maces & Flails
  3740 | D:6      | Noticed Prince Ribbit
  3749 | D:6      | HP: 3/63 [asphyx]
  3749 | D:6      | Slain by Prince Ribbit

Illustrated notes

Levels and vault maps discovered:
D:1:      lightli_arrival_maybe_door_vault, layout_basic, st_stairs_9,
          chequers_serial_rivers_large_b
D:2:      layout_loops_ring, uniq_sigmund
D:3:      layout_loops_ring, dk_xom_monty_hall
D:4:      layout_loops_corners, mainiacjoe_overflow_six_doors_small
D:5:      layout_rooms, temple_green, ebering_ghost_rock_garden
D:6:      layout_basic, uniq_crazy_yiuf_cottage, uniq_menkaure,
          uniq_prince_ribbit1
Temple:   regret_index_temple_waves

Skill      XL: |  1  2  3  4  5  6  7 |
---------------+----------------------+-----
Maces & Flails | 4 5 6 7 |  7.4
Fighting       | 4 5 6 |  6.1
Armour         | 4 5 6 |  6.0
Shields        | 4 5 6 |  6.1

Action                     |  1- 3 |  4- 6 |  7- 9 || total
---------------------------+-------+-------+-------++-------
  Melee: Flail             |    34 |   120 |    64 ||   218
         Headbutt          |     3 |    21 |    10 ||    34
 Armour: Scale mail        |    11 |       |       ||    11
         Chain mail        |    27 |    58 |    62 ||   147
  Dodge: Dodged            |    25 |    34 |    26 ||    85
  Block: Buckler           |     7 |    34 |    15 ||    56

Table legend: (Time is in decaauts)
 A = Elapsed time spent in this place.
 B = Non-inter-level travel time spent in this place.
 C = Inter-level travel time spent in this place.
 D = Time resting spent in this place.
 E = Time spent auto-exploring this place.
 F = Levels seen in this place.
 G = Mean time per level.
                   A        B        C        D        E       F      G
               +--------+--------+--------+--------+--------+-----+--------+
         Total |   3806 |   3701 |    105 |      0 |   3158 |   7 |  543.7 |
       Dungeon |   3804 |   3699 |    105 |      0 |   3158 |   6 |  634.0 |
        Temple |      1 |      1 |      0 |      0 |      0 |   1 |    1.0 |
               +--------+--------+--------+--------+--------+-----+--------+

Top non-repeatable levels by time:
     D:4: 917 daAuts
     D:2: 872 daAuts
     D:1: 707 daAuts
     D:3: 620 daAuts
     D:5: 513 daAuts
     D:6: 172 daAuts
  Temple: 1 daAuts
